 Dungeon Crawl Stone Soup version 0.31-a0-810-ga77100ea1a (webtiles) character file.

Game seed: 7153439548483123741

9370 javelincjr the Grappler (level 11, -6/74 HPs)
             Began as an Octopode Shapeshifter on Sept 20, 2023.
             Was an Elder of Qazlal.
             Mangled by a snapping turtle (shapeshifter) (22 damage)
             ... on level 9 of the Dungeon on Sept 21, 2023.
             The game lasted 00:59:45 (10215 turns).

javelincjr the Grappler (Octopode Shapeshifter)    Turns: 10215, Time: 00:59:46

Health: -6/74      AC:  1    Str: 22    XL:     11   Next: 45%
Magic:  13/13      EV: 15    Int: 19    God:    Qazlal [****..]
Gold:   894        SH:  5    Dex: 13    Spells: 9/10 levels left

rFire   . .          .
                       - Unarmed
rCold   . . .        p - melded +0 kite shield
rNeg    . . .        (helmet restricted)
rPois   +            w - amulet of the acrobat
rElec   .            j - +6 ring of strength
rCorr   .            r - +4 ring of slaying
SInv    .            e - +6 ring of intelligence
Will    .....        U - ring of poison resistance
Stlth   +            (no ring)
HPRegen 0.32/turn    (no ring)
MPRegen 0.13/turn    (no ring)
                     (no ring)

%: repel missiles, acrobat
@: flux-form, hasted, glowing, very quick
A: glow, contaminating, almost no armour, amphibious, 8 rings, camouflage 1,
gelatinous body 1, (nimble swimmer 1), tentacles
a: Begin Untransformation, Renounce Religion, Upheaval, Elemental Force


You were on level 9 of the Dungeon.
You worshipped Qazlal.
Qazlal was greatly pleased with you.
You were something dangerously unstable.
You visited 3 branches of the dungeon, and saw 11 of its levels.
You also visited: Sewer and Bailey.

You collected 894 gold pieces.

Inventory:

Hand Weapons
 q - a +0 dagger of flaming
 B - a +2 flail of protection
 C - a +2 short sword of venom
 K - a +0 war axe of flaming
 W - the +11 mace "Ruef Zaats" {speed, rCorr Str+3}
   (You took it off a kobold in a bailey)

   Str+3:     It affects your strength (+3).
   rCorr:     It protects you from acid and corrosion.
Missiles
 f - 4 throwing nets
 s - 9 javelins
 Q - 14 darts of dispersal
 R - 32 poisoned darts (quivered)
 V - 23 boomerangs
Armour
 p - a +0 kite shield (melded)
Jewellery
 e - a +6 ring of intelligence (on tentacle)
 j - a +6 ring of strength (left tentacle)
 r - a +4 ring of slaying (right tentacle)
 w - an amulet of the acrobat (around mantle)
 U - a ring of poison resistance (on tentacle)
Talismans
 b - a beast talisman
 c - a flux talisman (active)
 T - a serpent talisman
Wands
 F - a wand of digging (5)
 G - a wand of acid (29)
 H - a wand of paralysis (19)
 I - a wand of iceblast (6)
 L - a wand of mindburst (7)
 N - a wand of flame (18)
Scrolls
 d - 8 scrolls of teleportation
 i - 2 scrolls of summoning
 n - 3 scrolls of noise
 v - 3 scrolls of silence
 x - a scroll of revelation
 y - 3 scrolls of amnesia {unknown}
 z - a scroll of brand weapon {unknown}
 D - a scroll of enchant weapon {unknown}
 E - a scroll of immolation {unknown}
 J - 3 scrolls of blinking {unknown}
 M - 3 scrolls of torment {unknown}
 S - a scroll of fear {unknown}
 X - a scroll of enchant armour {unknown}
Potions
 a - 2 potions of lignification
 g - a potion of ambrosia
 h - 7 potions of enlightenment
 k - 2 potions of mutation {unknown}
 l - 8 potions of haste
 m - 2 potions of magic
 o - 9 potions of curing
 t - a potion of cancellation {unknown}
 u - 2 potions of heal wounds
 A - 2 potions of resistance {unknown}
 O - a potion of might {unknown}
 P - a potion of degeneration {unknown}


   Skills:
 + Level 6.4 Fighting
 + Level 6.6 Dodging
 - Level 8.0 Stealth
 + Level 5.6 Shields
 * Level 9.3 Unarmed Combat
 + Level 3.6 Invocations
 * Level 8.6 Shapeshifting


You had 9 spell levels left.
You knew the following spells:

 Your Spells              Type           Power      Damage    Failure   Level
a - Foxfire               Conj/Fire      0%         2x1d4     21%         1

Your spell library contained the following spells:

 Spells                   Type           Power      Damage    Failure   Level
 Apportation              Tloc           0%         N/A       21%         1
 Necrotise                Necr           0%         1d4       21%         1
 Vampiric Draining        Necr           0%         2d6       52%         3
 Olgreb's Toxic Radiance  Pois           0%         N/A       90%         4
 Vhi's Electric Charge    Tloc/Air       0%         N/A       90%         4
 Agony                    Necr           0%         N/A       99%         5
 Arcjolt                  Conj/Air       0%         1d10      99%         5
 Plasma Beam              Fire/Air       0%         2x1d10    100%        6
 Discord                  Hex            0%         N/A       100%        8
 Ignition                 Fire           0%         3d3       100%        8


Dungeon Overview and Level Annotations

Branches:
Dungeon (9/15)             Temple (1/1) D:5            Lair (1/5) D:9
  Sewer (visited)          Bailey (visited)
    Orc: D:9-12

Altars:
Ashenzari
Dithmenos
Elyvilon
Fedhas
Gozag
Hepliaklqana
Kikubaaqudgha
Makhleb
Nemelex Xobeh
Okawaru
Qazlal
Ru
Sif Muna
Trog
Uskayaw
Vehumet
Wu Jian
Xom
Yredelemnul
Zin
The Shining One
Jiyva

Shops:
D:1 :   D:8 (   D:9 ::

Annotations:
D:4 exclusion: oklob plant
D:9 2 transporters
Lair:1 Grum


Innate Abilities, Weirdness & Mutations

You are something dangerously unstable.
You glow with magical radiation, making you easy to see and hit.
Foes you strike become dangerously contaminated with magical radiation.
You are incapable of wielding weapons or throwing items.
You cannot wear most types of armour.
You are amphibious.
You can wear up to eight rings at the same time.
Your skin changes colour to match your surroundings (Stealth+).
Your rubbery body absorbs attacks. (AC +1, EV +1)
((You are camouflaged when in or above water. (Stealth+)))
You have tentacles for arms and can constrict up to eight enemies at once.


Message History

The water moccasin closely misses you. Grum barely misses you.
You climb upwards.
Welcome back to the Dungeon!
Level annotation: 2 transporters
There is a staircase to the Lair here.
You completely miss the water moccasin. You grab the water moccasin.
You squeeze the water moccasin!
The water moccasin is heavily wounded.
You constrict the water moccasin. The wolf bites you!
The water moccasin bites you. The wolf completely misses you.
You tentacle-slap the water moccasin.
The water moccasin begins to glow.
The water moccasin is heavily wounded.
You constrict the water moccasin. The water moccasin bites you!
The wolf bites you. The snapping turtle barely misses you.
You block the water moccasin's attack.
You tentacle-slap the water moccasin.
The water moccasin glows dangerously bright.
You squeeze the water moccasin.
You kill the water moccasin!
Qazlal accepts your kill. The wolf barely misses you.
The snapping turtle closely misses you. You block the wolf's attack.
You closely miss the wolf. You grab the wolf. You constrict the wolf.
The wolf misses you. The snapping turtle misses you.
You bludgeon the wolf!
The wolf begins to glow.
The wolf is heavily wounded.
You constrict the wolf. The wolf bites you.
You tentacle-slap the wolf.
The wolf glows dangerously bright.
The wolf is severely wounded.
You constrict the wolf. The wolf misses you. The snapping turtle misses you.
The wolf bites you.
You bludgeon the wolf!
You kill the wolf!
Qazlal accepts your kill.
The snapping turtle bites you from afar!
The snapping turtle attacks as it pursues you!
The snapping turtle bites you from afar!
* * * LOW HITPOINT WARNING * * *
You feel yourself speed up.
The snapping turtle bites you from afar!!
You die...

.................P...)#####.)####
...................P...####.)#.>.
.....#####.P...P.P..P..####..#...
#....#.........P..P....####..#...
#....#.....[...........####..#...
#....#...........P.P...####..#...
#....#.....PP..○.○○..P..###..#...
#....#....P..P°..P....P......#<.g
#....###P......†p☼....P......####
#.............§P>P.P.............
####......P...P†PtP.....##.....##
#.........P...P.P.....#.....#.
###.....P.......P.P.P.#.....#.
#............P.P....#.....'.
#....P.....P.P......#.....#.
#.........P.........#.....##
#....P...P..........'.......


You could see a snapping turtle.

Vanquished Creatures
  A two-headed ogre (D:9)
  Pikel (D:5)
  An orc knight (Bailey)
  Maurice (D:8)
  Joseph (D:7)
  Maggie (D:9)
  Prince Ribbit (D:7)
  9 yaks
  A wraith (D:9)
  A wyvern (D:9)
  4 water moccasins
  An acid dragon (D:9)
  Pargi (Sewer)
  11 orc warriors
  2 black bears (D:9)
  A sky beast (D:7)
  An ogre (D:6)
  5 wolves
  3 centaurs
  A phantom (D:5)
  4 kobold brigands
  5 bullfrogs
  3 gnoll sergeants
  4 scorpions
  6 killer bees
  A howler monkey (D:5)
  5 orc priests
  6 hounds
  2 gnoll boudas
  An iguana (D:4)
  4 orc wizards
  A sleepcap (D:6)
  22 gnolls
  11 adders
  2 shadow imps
  3 white imps
  4 ufetubi
  3 worms
  3 dart slugs
  29 orcs
  13 ball pythons
  13 endoplasms
  3 giant cockroaches
  12 goblins
  7 hobgoblins
  6 jackals
  4 quokkas
  5 bats
  8 frilled lizards
  40 kobolds
  5 rats
283 creatures vanquished.

Vanquished Creatures (others)
  9 foxfires
9 creatures vanquished.

Grand Total: 292 creatures vanquished

Notes
Turn   | Place    | Note
-------+----------+-------------------------------------------
     0 | D:1      | javelincjr the Octopode Shapeshifter began the quest for
                  | the Orb.
     0 | D:1      | Reached XP level 1. HP: 13/13 MP: 1/1
   153 | D:1      | Reached XP level 2. HP: 18/18 MP: 2/2
   168 | D:1      | Found Nopsazac's Book Emporium.
   547 | D:1      | Reached XP level 3. HP: 23/23 MP: 3/3
   870 | D:2      | Reached XP level 4. HP: 29/29 MP: 4/4
  1190 | D:2      | Found a bloodstained altar of Trog.
  1807 | D:3      | Found a glowing drain.
  1813 | Sewer    | Entered a sewer
  1831 | Sewer    | Noticed Pargi
  1884 | Sewer    | Reached XP level 5. HP: 30/34 MP: 5/5
  1931 | Sewer    | Reached skill level 1 in Stealth
  2002 | Sewer    | Killed Pargi
  2003 | Sewer    | Reached skill level 1 in Shields
  2003 | Sewer    | Reached skill level 4 in Unarmed Combat
  2173 | D:3      | Reached XP level 6. HP: 41/41 MP: 6/6
  3191 | D:4      | Reached XP level 7. HP: 37/45 MP: 7/7
  3449 | D:4      | Found a blossoming altar of Fedhas.
  3472 | D:4      | Noticed an oklob plant
  3518 | D:4      | Found a shimmering altar of Xom.
  3519 | D:4      | Found a hazy altar of Hepliaklqana.
  3519 | D:4      | Noticed a tentacled monstrosity
  3520 | D:4      | Noticed a spectral ugly thing
  3520 | D:4      | Noticed a tentacled monstrosity
  3645 | D:5      | Entered Level 5 of the Dungeon
  4007 | D:5      | Reached skill level 5 in Unarmed Combat
  4120 | D:5      | Found a staircase to the Ecumenical Temple.
  4140 | Temple   | Entered the Ecumenical Temple
  4153 | Temple   | Became a worshipper of Qazlal Stormbringer
  4213 | D:5      | Found a white marble altar of Elyvilon.
  4277 | D:5      | Found a bloodstained altar of Trog.
  4286 | D:5      | Reached skill level 5 in Shapeshifting
  4343 | D:5      | Reached XP level 8. HP: 45/52 MP: 8/8
  4370 | D:5      | Found a shimmering blue altar of Sif Muna.
  4374 | D:5      | Got an upside-down book
  4377 | D:5      | Learned a level 1 spell: Foxfire
  4382 | D:5      | Noticed Pikel
  4389 | D:5      | Killed Pikel
  4551 | D:5      | Reached skill level 6 in Unarmed Combat
  4818 | D:6      | Reached * piety under Qazlal
  5050 | D:6      | Reached XP level 9. HP: 58/58 MP: 9/9
  5071 | D:6      | Reached skill level 5 in Stealth
  5178 | D:6      | Found a sparkling altar of Nemelex Xobeh.
  5347 | D:6      | Reached ** piety under Qazlal
  5378 | D:6      | Upgraded the game from 0.31-a0-806-g0bc164a743 to
                  | 0.31-a0-810-ga77100ea1a
  5820 | D:7      | Reached skill level 7 in Unarmed Combat
  5857 | D:7      | Noticed Prince Ribbit
  5892 | D:7      | Killed Prince Ribbit
  5893 | D:7      | Reached skill level 5 in Dodging
  6246 | D:7      | Noticed Joseph
  6252 | D:7      | Killed Joseph
  6253 | D:7      | Reached skill level 5 in Fighting
  6478 | D:7      | Reached XP level 10. HP: 53/66 MP: 10/10
  7382 | D:8      | Found Bizxiaw's Hydra Hut.
  7392 | D:8      | Noticed a six-headed hydra
  7550 | D:8      | Noticed Maurice
  7553 | D:8      | Something stole a +0 war axe of flaming
  7554 | D:8      | Something stole 9 javelins
  7555 | D:8      | Something stole a serpent talisman
  7558 | D:8      | Something stole 346 gold
  7561 | D:8      | Killed Maurice
  7562 | D:8      | Reached skill level 1 in Invocations
  7819 | D:8      | Found an ancient bone altar of Kikubaaqudgha.
  7835 | D:8      | Found a sacrificial altar of Ru.
  8138 | D:9      | Reached skill level 8 in Unarmed Combat
  8235 | D:9      | Reached *** piety under Qazlal
  8331 | D:9      | Found Coanon's Book Shop.
  8340 | D:9      | Reached skill level 5 in Shields
  8343 | D:9      | Found a staircase to the Lair.
  8378 | D:9      | Found a viscous altar of Jiyva.
  8379 | D:9      | Noticed a glowing orange brain
  8384 | D:9      | Found a flagged portal.
  8435 | Bailey   | Entered a bailey
  8455 | Bailey   | Noticed an orc knight
  8455 | Bailey   | Identified the +0 plate armour of the Watchman {*Slow +Inv
                  | Will+}
  8491 | Bailey   | Identified the +11 mace "Ruef Zaats" {speed, rCorr Str+3}
  8765 | Bailey   | Killed an orc knight
  8766 | Bailey   | Reached XP level 11. HP: 48/72 MP: 11/13
  9069 | D:9      | Found a transporter.
  9093 | D:9      | Found Luomeadu's Book Boutique.
  9353 | D:9      | Found a transporter.
  9431 | D:9      | Noticed Maggie
  9439 | D:9      | Killed Maggie
  9440 | D:9      | Reached skill level 9 in Unarmed Combat
  9542 | D:9      | Noticed a two-headed ogre
  9551 | D:9      | Killed a two-headed ogre
  9569 | D:9      | Reached **** piety under Qazlal
  9577 | D:9      | a polar bear changed into an entropy weaver
  9577 | D:9      | Noticed an entropy weaver (shapeshifter)
 10028 | Lair:1   | Entered Level 1 of the Lair of Beasts
 10028 | Lair:1   | Noticed Grum
 10215 | D:9      | Mangled by a snapping turtle (shapeshifter)

Illustrated notes

Levels and vault maps discovered:
D:1:      dpeg_arrival_shrine, layout_rooms, serial_shops, shop
D:2:      layout_loops_corners, basic_altar, serial_rivers,
          chequers_serial_rivers_small_a, chequers_serial_rivers_small_3,
          chequers_serial_rivers_micro_c, chequers_serial_rivers_large_a,
          chequers_serial_rivers_micro_d
D:3:      layout_loops_ring, gup_sewer_entry_bubbles
D:4:      layout_rooms, regret_index_temple_of_mockery, tgw_fedhas
D:5:      layout_loops_ring, nzn_overflow_gifts_of_might_and_magic,
          elyvilon_altar_5, minmay_temple_entry_glassed_door,
          guppyfry_early_orc_mine, uniq_pikel
D:6:      layout_rooms, nemelex_xobeh_ov_fountains_minmay, serial_curves,
          eino_curves_01, eino_curves_04, minmay_unpleasant_kobolds
D:7:      layout_basic, minmay_statues_item, minivault_27, uniq_joseph,
          uniq_prince_ribbit1
D:8:      layout_gridville, kennysheep_mini_moat, kennysheep_little_box,
          doesnt_shop_hydraphobe, uniq_maurice
D:9:      gammafunk_jiyva_shrine, layout_irregular_city,
          due_lair_maze_entry_diamond, serial_shops, shop, shop, enter_bailey_5,
          minmay_microvault, uniq_maggie
Temple:   nicolae_temple_x_marks_the_god
Lair:1:   layout_long_grid, serial_forest, infiniplex_forest_lined_room_,
          infiniplex_forest_lined_4_way, infiniplex_forest_corner_1,
          infiniplex_forest_lined_room_2, infiniplex_forest_diagonal,
          infiniplex_forest_straight_5, gammafunk_ghost_abyssal_escape,
          minmay_holes, serial_bayou_shore_b, uniq_grum

Skill      XL: |  1  2  3  4  5  6  7  8  9 10 11 |
---------------+----------------------------------+-----
Fighting       | 2 3 4 5 6 |  6.4
Stealth        | 1 2 3 4 6 7 8 |  8.0
Dodging        | 3 4 5 6 |  6.6
Shields        | 1 2 3 4 5 |  5.6
Unarmed Combat | 4 5 6 7 8 9 |  9.3
Shapeshifting  | 4 5 7 8 |  8.6
Invocations    | 2 3 |  3.6

Action                     |  1- 3 |  4- 6 |  7- 9 | 10-12 || total
---------------------------+-------+-------+-------+-------++-------
  Melee: Unarmed           |    48 |   111 |   185 |   221 ||   565
         Constrict         |    11 |    29 |    52 |    51 ||   143
         Tentacles         |     4 |    18 |    48 |    65 ||   135
         Punch             |     2 |     2 |     8 |     7 ||    19
  Throw: Javelin           |       |     7 |     5 |     1 ||    13
         Dart              |       |       |    10 |       ||    10
   Cast: Foxfire           |       |       |     5 |       ||     5
    Use: Scroll            |       |     8 |     2 |     1 ||    11
         Potion            |       |       |       |     3 ||     3
   Stab: Sleeping          |     4 |    13 |     1 |       ||    18
         Distracted        |       |     1 |       |       ||     1
 Armour: Skin              |    11 |    37 |    51 |    85 ||   184
  Dodge: Dodged            |    24 |    60 |    78 |   155 ||   317
         Repelled          |       |       |       |     1 ||     1
  Block: Kite shield       |       |    29 |    67 |    18 ||   114
         Other             |       |       |       |    34 ||    34
   Form: Flux              |       |       |       |     1 ||     1

Table legend: (Time is in decaauts)
 A = Elapsed time spent in this place.
 B = Non-inter-level travel time spent in this place.
 C = Inter-level travel time spent in this place.
 D = Time resting spent in this place.
 E = Time spent auto-exploring this place.
 F = Levels seen in this place.
 G = Mean time per level.
                   A        B        C        D        E       F      G
               +--------+--------+--------+--------+--------+-----+--------+
         Total |  10214 |   9815 |    399 |    925 |   6450 |  13 |  785.7 |
       Dungeon |   9251 |   8853 |    398 |    831 |   6049 |   9 | 1027.9 |
        Temple |     26 |     26 |      0 |      0 |      0 |   1 |   26.0 |
          Lair |     18 |     18 |      0 |      0 |      0 |   1 |   18.0 |
         Sewer |    318 |    318 |      0 |      0 |    189 |   1 |  318.0 |
        Bailey |    600 |    600 |      0 |     94 |    212 |   1 |  600.0 |
               +--------+--------+--------+--------+--------+-----+--------+

Top non-repeatable levels by time:
     D:8: 1403 daAuts
     D:7: 1400 daAuts
     D:9: 1187 daAuts
     D:5: 1131 daAuts
     D:2: 1123 daAuts
     D:3: 929 daAuts
     D:6: 790 daAuts
     D:4: 731 daAuts
  Bailey: 600 daAuts
     D:1: 553 daAuts
   Sewer: 318 daAuts
  Temple: 26 daAuts
  Lair:1: 18 daAuts
